 Dungeon Crawl Stone Soup version 0.31-a0-968-g24f9ace8b5 (webtiles) character file.

Game seed: 3285590192733499452

193 Shayle the Trooper (level 5, -2/35 HPs)
             Began as a Tengu Hexslinger on Oct 27, 2023.
             Slain by a black bear (11 damage)
             ... on level 3 of the Dungeon.
             The game lasted 00:05:11 (2411 turns).

Shayle the Trooper (Tengu Hexslinger)               Turns: 2411, Time: 00:05:13

Health: -2/35      AC:  3    Str:  9    XL:     5   Next: 72%
Magic:  7/7        EV: 12    Int: 15    God:
Gold:   91         SH:  0    Dex: 16    Spells: 6/6 levels left

rFire   . . .        a - +1 sling
rCold   . . .        (no shield)
rNeg    . . .        c - +1 robe
rPois   .            (helmet restricted)
rElec   .            (no cloak)
rCorr   .            (no gloves)
SInv    .            (boots unavailable)
Will    .....        (no amulet)
Stlth   +            (no ring)
HPRegen 0.25/turn    (no ring)
MPRegen 0.10/turn

%: acrobat
@: no status effects
A: beak, talons 3, acrobatic
a: no special abilities


You were on level 3 of the Dungeon.
You visited 1 branch of the dungeon, and saw 4 of its levels.

You collected 91 gold pieces.

Inventory:

Hand Weapons
 a - a +1 sling (weapon)
 h - a +1 whip of holy wrath
 l - a +2 dagger of holy wrath
Armour
 c - a +1 robe (worn)
 d - a +0 pair of gloves
Jewellery
 f - a ring of wizardry
Scrolls
 b - a scroll of teleportation
 e - a scroll of enchant armour
 i - a scroll of identify
 n - a scroll of immolation
Potions
 g - a potion of might


   Skills:
 + Level 5.4 Fighting
 - Level 2.1 Ranged Weapons
 - Level 2.1 Dodging
 - Level 1.0 Spellcasting
 - Level 2.1 Hexes
 - Level 1.1 Fire Magic


You had 6 spell levels left.
You didn't know any spells.
Your spell library contained the following spells:

 Spells                   Type           Power      Damage    Failure   Level
 Jinxbite                 Hex            14%        N/A       16%         2
 Sigil of Binding         Hex            7%         N/A       30%         3
 Inner Flame              Hex/Fire       5%         N/A       36%         3
 Cause Fear               Hex            3%         N/A       69%         4
 Dimensional Bullseye     Hex/Tloc       2%         N/A       83%         4


Dungeon Overview and Level Annotations

Branches:
Dungeon (4/15)
 Temple: D:4-7

Altars:
Okawaru

Shops:
D:2 [


Innate Abilities, Weirdness & Mutations

You have a beak for a mouth.
You have claws for feet.
You can magically evade attacks while moving or waiting.


Message History

You shoot a sling bullet. The frilled lizard hisses angrily.
The sling bullet hits the black bear.
The black bear is heavily wounded.
There are monsters nearby!
You shoot a sling bullet. The sling bullet hits the black bear.
The black bear is heavily wounded.
A frilled lizard comes into view.
The black bear bites you but does no damage.
The black bear claws you.
The black bear claws you but does no damage.
You shoot a sling bullet. The sling bullet hits the black bear.
The black bear is severely wounded.
The black bear closely misses you. The black bear barely misses you.
The black bear claws you but does no damage.
The black bear attacks as it pursues you!
The black bear completely misses you. The black bear claws you.
The black bear completely misses you.
You shoot a sling bullet. The sling bullet hits the black bear.
The black bear is almost dead.
The black bear goes berserk!
The black bear barely misses you. The black bear closely misses you.
The black bear claws you.
You shoot a sling bullet.
The sling bullet barely misses the black bear.
The black bear barely misses you. The black bear claws you.
The black bear misses you. The black bear closely misses you. x2
The black bear claws you.
You shoot a sling bullet.
The sling bullet barely misses the black bear.
The black bear closely misses you. The black bear claws you. x2
The black bear bites you! The black bear completely misses you.
The black bear claws you but does no damage.
You shoot a sling bullet.
The sling bullet hits the black bear but does no damage.
The black bear is almost dead.
The black bear bites you!
* * * LOW HITPOINT WARNING * * *
The black bear claws you but does no damage.
The black bear barely misses you. The black bear bites you!
You die...

.##.... #.#.#######
.# .... ##.#........
..## ## ..#
#....####### .$..
.###....### .....
### #........'.##
....l ..#
#####....#..##
...... ..#
#....##..####......
..#
#.........hl#..l....
..# #........@#.>.#
..# #.........##.##
..# #.........##.#
### #.........##.#
.........##.#
###########.# #..
###


You could see a black bear (berserk) and a frilled lizard.

Vanquished Creatures
  A hound (D:2)
  An orc priest (D:3)
  Terence (D:3)
  6 adders
  2 dart slugs
  6 orcs (D:3)
  2 ball pythons (D:1)
  3 bats
  4 endoplasms
  2 giant cockroaches
  3 jackals
  5 kobolds
  3 quokkas (D:1)
  3 frilled lizards (D:1)
  3 goblins
  5 rats
50 creatures vanquished.

Notes
Turn   | Place    | Note
-------+----------+-------------------------------------------
     0 | D:1      | Shayle the Tengu Hexslinger began the quest for the Orb.
     0 | D:1      | Reached XP level 1. HP: 12/12 MP: 3/3
   190 | D:1      | Reached skill level 2 in Fighting
   190 | D:1      | Reached XP level 2. HP: 13/17 MP: 4/4
   674 | D:2      | Reached skill level 3 in Fighting
   674 | D:2      | Reached XP level 3. HP: 23/23 MP: 5/5
   695 | D:2      | Found Jeepeir's Antique Armour Emporium.
   731 | D:2      | Found an iron altar of Okawaru.
  1111 | D:2      | Found a faded altar of an unknown god.
  1293 | D:3      | Noticed Terence
  1322 | D:3      | Killed Terence
  1323 | D:3      | Reached skill level 4 in Fighting
  1323 | D:3      | Reached XP level 4. HP: 7/29 MP: 6/6
  1516 | D:2      | Reached XP level 5. HP: 23/34 MP: 7/7
  2104 | D:4      | Reached skill level 5 in Fighting
  2158 | D:4      | Noticed an ogre
  2400 | D:3      | Noticed a black bear
  2411 | D:3      | Slain by a black bear

Illustrated notes

Levels and vault maps discovered:
D:1:      psy_arrival_statuary, layout_basic, minmay_crystal_water,
          hangedman_decor_points, st_stairs_9, moated_statue,
          roderic_roman_lattice, chequers_avenue, skrybe_limestone_x,
          minmay_misc_feat_diagonals, nicolae_figureground_pulse
D:2:      layout_basic, serial_shops, nicolae_lakefront_shop, basic_altar,
          nicolae_ecumenical_oubliette, st_stairs_8, minivault_23,
          corexii_leaking_fountain, roderic_lattice_a
D:3:      layout_basic, st_stairs_6, uniq_terence
D:4:      layout_rooms, mainiacjoe_overflow_alcove_3

Skill      XL: |  1  2  3  4  5 |
---------------+----------------+-----
Fighting       | 2 3 4 5 |  5.4
Ranged Weapons | |  2.1
Dodging        | |  2.1
Spellcasting   | |  1.0
Hexes          | |  2.1
Fire Magic     | |  1.1

Action                     |  1- 3 |  4- 6 || total
---------------------------+-------+-------++-------
  Melee: Dagger            |     7 |    63 ||    70
         Peck              |       |    15 ||    15
         Kick              |       |    14 ||    14
   Fire: Sling             |    92 |    13 ||   105
    Use: Potion            |     4 |       ||     4
         Scroll            |     3 |     2 ||     5
   Stab: Sleeping          |       |     1 ||     1
 Armour: Robe              |    24 |    36 ||    60
         Skin              |     9 |       ||     9
  Dodge: Dodged            |    43 |    59 ||   102

Table legend: (Time is in decaauts)
 A = Elapsed time spent in this place.
 B = Non-inter-level travel time spent in this place.
 C = Inter-level travel time spent in this place.
 D = Time resting spent in this place.
 E = Time spent auto-exploring this place.
 F = Levels seen in this place.
 G = Mean time per level.
                   A        B        C        D        E       F      G
               +--------+--------+--------+--------+--------+-----+--------+
         Total |   2445 |   2241 |    204 |    472 |   1308 |   4 |  611.2 |
       Dungeon |   2445 |   2241 |    204 |    472 |   1308 |   4 |  611.2 |
               +--------+--------+--------+--------+--------+-----+--------+

Top non-repeatable levels by time:
     D:2: 1038 daAuts
     D:1: 750 daAuts
     D:3: 590 daAuts
     D:4: 65 daAuts
